 Dungeon Crawl Stone Soup version 0.27-a0-1189-gb8eb6cee8e (webtiles) character file.

Game seed: 7161071604176936820

1719 roflturtle the Magician (level 8, -1/44 HPs)
             Began as a Deep Elf Conjurer on May 22, 2021.
             Slain by a centaur zombie (3 damage)
             ... on level 6 of the Dungeon.
             The game lasted 00:30:35 (6487 turns).

roflturtle the Magician (Deep Elf Conjurer)         Turns: 6487, Time: 00:30:36

Health: -1/44      AC:  3    Str:  4    XL:     8   Next: 75%
Magic:  5/21       EV: 14    Int: 26    God:
Gold:   967        SH:  0    Dex: 13    Spells: 2/22 levels left

rFire    . . .     SeeInvis .   e - staff of conjuration
rCold    . . .     Faith    .   (no shield)
rNeg     . . .     Spirit   .   a - +0 robe
rPois    .         Reflect  .   (no helmet)
rElec    .         Harm     .   (no cloak)
rCorr    .         Rampage  .   j - +0 pair of gloves
Will     .....                  (no boots)
Stlth    +++.......             (no amulet)
HPRegen  0.14/turn              (no ring)
MPRegen  0.17/turn              (no ring)

@: very slightly contaminated
A: no striking features
a: no special abilities


You were on level 6 of the Dungeon.
You visited 1 branch of the dungeon, and saw 6 of its levels.

You collected 1175 gold pieces.
You spent 208 gold pieces at shops.

Inventory:

Hand Weapons
 f - a +2 falchion of flaming
 h - the +9 falchion "Oxeil" {drain, rCorr Int+2 Stlth+}
   (You bought it in a shop on level 2 of the Dungeon)

   A truly terrible weapon, it drains the life of those it strikes.
   It affects your intelligence (+2).
   It protects you from acid and corrosion.
   It makes you more stealthy.
 v - a +3 dagger
 C - a +2 dagger of venom
Armour
 a - a +0 robe (worn)
 j - a +0 pair of gloves (worn)
Magical Staves
 e - a staff of conjuration (weapon)
 t - a staff of cold
Jewellery
 g - a ring of ice
Wands
 u - a wand of paralysis (5)
 A - a wand of iceblast (7)
Scrolls
 d - a scroll of amnesia {unknown}
 i - 2 scrolls of teleportation
 k - a scroll of immolation {unknown}
 m - 2 scrolls of noise {unknown}
 p - 2 scrolls of blinking {unknown}
 r - 2 scrolls of vulnerability {unknown}
 w - a scroll of magic mapping {unknown}
 x - 2 scrolls of enchant weapon {unknown}
 y - a scroll of fear {unknown}
Potions
 b - a potion of attraction
 c - 4 potions of lignification
 l - a potion of magic {unknown}
 n - 2 potions of heal wounds
 o - a potion of flight {unknown}
 q - a potion of degeneration {unknown}
 s - 2 potions of curing
 z - a potion of invisibility {unknown}
 B - a potion of mutation {unknown}


   Skills:
 - Level 2.0 Fighting
 - Level 1.0 Staves
 - Level 5.2 Dodging
 - Level 5.1 Stealth
 - Level 7.5 Spellcasting
 + Level 6.4 Conjurations
 - Level 5.2 Hexes
 - Level 5.2 Evocations


You had 2 spell levels left.
You knew the following spells:

 Your Spells              Type           Power      Damage    Failure   Level
a - Magic Dart            Conj           100%       1d8       1%          1
b - Searing Ray           Conj           100%       3d7       1%          2
c - Dazzling Flash        Conj/Hex       100%       N/A       1%          3
d - Fulminant Prism       Conj/Hex       28%        3d14      5%          4
e - Iskenderun's Mystic   Conj/Tloc      39%        2d9       16%         4
f - Slow                  Hex            36%        N/A       1%          2
g - Blink                 Tloc           N/A        N/A       9%          2
h - Call Imp              Summ           9%         N/A       9%          2

Your spell library contained the following spells:

 Spells                   Type           Power      Damage    Failure   Level
 Conjure Flame            Conj/Fire      39%        6-21      4%          3
 Mephitic Cloud           Conj/Pois/Air  31%        N/A       8%          3


Dungeon Overview and Level Annotations

Branches:
Dungeon (6/15)
 Temple: D:4-7

Altars:
Fedhas
Ru
Yredelemnul

Shops:
D:2 (


Message History

Casting: Dazzling Flash (safe; 1% risk of failure)
Confirm with . or Enter, or press ? or * to list all spells.
Aiming: Searing Ray (safe; 1% risk of failure)
Press: ? - help, Shift-Dir - straight line, f - centaur
Aim: a centaur, wielding a +0 shortbow and quivering arrows (blind, 90% to hit)
You feel a surge of power!
The searing ray hits the centaur!
The centaur is severely wounded. (Press . to maintain the ray.)
The centaur shoots an arrow.
The arrow misses you. The centaur zombie hits you.
The centaur zombie kicks you but does no damage.
The hound misses you. The scorpion barely misses you.
The centaur shoots an arrow.
The arrow closely misses you.
The arrow hits the adder!
The adder dies!
The centaur zombie hits you. The centaur zombie barely misses you.
The hound bites you.
Your fulminant prism explodes!
The blast of energy engulfs the ice beast!!
The ice beast is almost dead.
The blast of energy engulfs the scorpion!
The scorpion is severely wounded.
The searing ray hits the centaur!
You kill the centaur!
The scorpion stings you. The hound barely misses you.
The centaur zombie closely misses you. x2; The ice beast hits you.
The ice beast freezes you!
* * * LOW HITPOINT WARNING * * *
Unknown command.
Casting: Searing Ray (safe; 1% risk of failure)
Confirm with . or Enter, or press ? or * to list all spells.
The spell is quite dangerous to cast (16% risk of failure)!
Continue anyway?
You feel a surge of power!
You miscast Iskenderun's Mystic Blast.
You are very lightly contaminated with residual magic.
Nothing appears to happen.
The scorpion is no longer blind.
The hound bites you.
* * * LOW HITPOINT WARNING * * *
The scorpion stings you.
* * * LOW HITPOINT WARNING * * *
The centaur zombie hits you.
You die...

..... .....
..<... ......
......####
#...)([.##
.#....)[Z.####.
......h@.......
....#.Ys.).....
. #..........
....##......
..(.. ..$...
....... ......
....... .....
....... .....


You could see an ice beast (blind), a scorpion, a hound and a centaur zombie.

Vanquished Creatures
  Prince Ribbit (D:5)
  Sigmund (D:4)
  Edmund (D:5)
  An orc warrior (D:6)
  A sky beast (D:4)
  A necrophage (D:4)
  An ogre (D:4)
  2 centaurs
  A phantom (D:4)
  Blork the orc (D:5)
  2 scorpions
  A water moccasin zombie (D:5)
  A water moccasin skeleton (D:4)
  An iguana (D:5)
  Terence (D:2)
  An orc wizard (D:2)
  Ijyb (D:5)
  A hound zombie (D:5)
  7 gnolls
  7 adders
  A shadow imp (D:5)
  A white imp (D:5)
  An ufetubus (D:4)
  An adder skeleton (D:4)
  2 dart slugs
  A worm (D:3)
  9 orcs
  7 endoplasms
  9 goblins
  10 hobgoblins
  15 jackals
  6 kobolds
  5 quokkas
  9 ball pythons
  6 bats
  A frilled lizard (D:2)
  4 rats
122 creatures vanquished.

Vanquished Creatures (others)
  An adder (D:6)
  6 fulminant prisms
7 creatures vanquished.

Grand Total: 129 creatures vanquished

Notes
Turn   | Place    | Note
-------+----------+-------------------------------------------
     0 | D:1      | roflturtle the Deep Elf Conjurer began the quest for the
                  | Orb.
     0 | D:1      | Reached XP level 1. HP: 10/10 MP: 6/6
   254 | D:1      | Reached XP level 2. HP: 15/15 MP: 5/8
   331 | D:1      | Reached skill level 5 in Conjurations
   526 | D:1      | Found a faded altar of an unknown god.
   735 | D:1      | Learned a level 2 spell: Searing Ray
  1181 | D:2      | Reached XP level 3. HP: 15/19 MP: 3/9
  1302 | D:2      | Found a basalt altar of Yredelemnul.
  1307 | D:2      | Noticed Terence
  1312 | D:2      | Killed Terence
  1313 | D:2      | Reached skill level 1 in Fighting
  1381 | D:2      | Reached XP level 4. HP: 21/26 MP: 1/10
  1518 | D:2      | Found Bocvioga's Antique Weapon Boutique.
  1730 | D:2      | Learned a level 3 spell: Dazzling Flash
  1907 | D:3      | Reached skill level 4 in Spellcasting
  1980 | D:3      | Reached skill level 1 in Hexes
  1981 | D:3      | Reached XP level 5. HP: 30/30 MP: 7/13
  1987 | D:3      | Learned a level 4 spell: Fulminant Prism
  2147 | D:3      | Found a blossoming altar of Fedhas.
  2147 | D:3      | Found a sacrificial altar of Ru.
  2727 | D:4      | Noticed Sigmund
  2751 | D:4      | Identified 3 scrolls of acquirement
  2751 | D:4      | Acquired 900 gold pieces
  2834 | D:4      | Noticed a necrophage
  2840 | D:4      | Killed a necrophage
  2841 | D:4      | Reached XP level 6. HP: 21/35 MP: 5/14
  3051 | D:4      | Reached skill level 5 in Hexes
  3529 | D:4      | Reached XP level 7. HP: 40/40 MP: 9/15
  3598 | D:4      | Reached skill level 5 in Dodging
  3695 | D:4      | Killed Sigmund
  3696 | D:4      | Reached skill level 5 in Stealth
  3701 | D:4      | Learned a level 4 spell: Iskenderun's Mystic Blast
  3830 | D:4      | Reached skill level 5 in Spellcasting
  4215 | D:5      | Entered Level 5 of the Dungeon
  4278 | D:2      | Bought a steaming falchion for 208 gold pieces
  4278 | D:2      | Identified the +9 falchion "Oxeil" {drain, rCorr Int+2
                  | Stlth+} (You bought it in a shop on level 2 of the Dungeon)
  4328 | D:4      | Acquired a book of Minor Magic
  4330 | D:4      | Acquired a staff of conjuration
  4452 | D:5      | Learned a level 2 spell: Slow
  4460 | D:5      | Reached skill level 1 in Staves
  4579 | D:5      | Reached skill level 1 in Evocations
  4685 | D:5      | Reached XP level 8. HP: 39/44 MP: 11/17
  4725 | D:5      | Noticed Prince Ribbit
  4798 | D:5      | Killed Prince Ribbit
  4972 | D:5      | Noticed Blork the orc
  4978 | D:5      | Killed Blork the orc
  4979 | D:5      | Reached skill level 5 in Evocations
  5107 | D:5      | Noticed Ijyb
  5117 | D:5      | Killed Ijyb
  5728 | D:5      | Noticed Edmund
  5735 | D:5      | Killed Edmund
  5736 | D:5      | Reached skill level 6 in Spellcasting
  6036 | D:5      | Learned a level 2 spell: Blink
  6039 | D:5      | Learned a level 2 spell: Call Imp
  6237 | D:6      | Reached skill level 7 in Spellcasting
  6487 | D:6      | HP: 2/44 [scorpion (2)]
  6487 | D:6      | Slain by a centaur zombie

Illustrated notes

Levels and vault maps discovered:
D:1:      dpeg_arrival_pond, layout_loops_ring,
          hellmonk_ecumenical_altar_zigzags, palyth_stone_intersect,
          st_stairs_7, chequers_serial_rivers_micro_c, minmay_ruptured
D:2:      layout_basic, serial_shops, shop, basic_altar, uniq_terence
D:3:      layout_rooms, gammafunk_temple_overflow_wave,
          minmay_fractal_squares_gapless_5
D:4:      layout_basic, minmay_increasing_density, uniq_sigmund
D:5:      layout_layer_cave, nrook_campfire, uniq_prince_ribbit1,
          uniq_blork_the_orc, uniq_ijyb, uniq_edmund
D:6:      layout_cave_pools, nicolae_gozag_zags_fifth_avenue,
          minmay_temple_entry_trees, hangedman_minor_gate_pass

Skill      XL: |  1  2  3  4  5  6  7  8 |
---------------+-------------------------+-----
Conjurations   | 5 6 |  6.4
Dodging        | 3 4 5 |  5.2
Stealth        | 3 5 |  5.1
Fighting       | 1 2 |  2.0
Spellcasting   | 4 5 7 |  7.5
Hexes          | 1 3 5 |  5.2
Staves         | 1 |  1.0
Evocations     | 2 5 |  5.2

Action                   |  1- 3 |  4- 6 |  7- 9 || total
-------------------------+-------+-------+-------++-------
Melee: Dagger            |    23 |    12 |       ||    35
       Staff             |       |       |     3 ||     3
 Cast: Magic Dart        |    63 |   124 |    37 ||   224
       Searing Ray       |     1 |     8 |    16 ||    25
       Fulminant Prism   |       |     1 |     5 ||     6
       Dazzling Flash    |       |       |     7 ||     7
  Use: Scroll            |       |     2 |     6 ||     8
       Potion            |       |       |     1 ||     1
 Stab: Sleeping          |       |     1 |       ||     1
Armor: Robe              |     6 |     5 |     9 ||    20
Dodge: Dodged            |    23 |    20 |    41 ||    84

Table legend: (Time is in decaauts)
 A = Elapsed time spent in this place.
 B = Non-inter-level travel time spent in this place.
 C = Inter-level travel time spent in this place.
 D = Time resting spent in this place.
 E = Time spent auto-exploring this place.
 F = Levels seen in this place.
 G = Mean time per level.
                   A        B        C        D        E       F      G
               +--------+--------+--------+--------+--------+-----+--------+
         Total |   6491 |   6248 |    243 |   1160 |   4288 |   6 | 1081.8 |
       Dungeon |   6491 |   6248 |    243 |   1160 |   4288 |   6 | 1081.8 |
               +--------+--------+--------+--------+--------+-----+--------+

Top non-repeatable levels by time:
     D:5: 2137 daAuts
     D:4: 1422 daAuts
     D:1: 1133 daAuts
     D:3: 981 daAuts
     D:2: 798 daAuts
     D:6: 17 daAuts
